AoeStats
← gob b

Black Forest

504475977Analyzed
4v4 RM · 26d ago on Sep 5, 2026· 53m 23s· 8 players
Game mode
Random Map
Map size
Large (8 player)
Population
200
Speed
Normal
Resources
Standard
Victory
Conquest
Starting age
Dark Age
Ending age
Imperial Age
RankedLock teamsTeams togetherTeam positionsShared explorationLock speedFull tech treeHidden civsTurbo modeCheats
Victory
Defeat
🇭🇰 Mongols · Hong Kong SAR China
1408
+7
🇨🇳 Persians · China
1264
+12
🇨🇳 Italians · China
1180
+14
🇨🇳 Turks · China
1071
+19
🇮🇳 Britons · India
1188
-14
🇵🇱 Bohemians · Poland
1169
-13
🇨🇳 Lithuanians · China
1169
-13
🇮🇳 Bohemians · India
1144
-12
MetalFaceDoom
0:29 Loom
11:46 Feudal Age
18:14 Castle Age
16:25 Double-Bit Axe
16:41 Horse Collar
20:51 Wheelbarrow
20:42 Bow Saw
20:34 Heavy Plow
gob b
9:35 Loom
12:23 Feudal Age
16:22 Castle Age
14:49 Double-Bit Axe
14:45 Horse Collar
18:59 Wheelbarrow
23:37 Hand Cart
25:09 Bow Saw
25:01 Heavy Plow
29:51 Imperial Age
27:36 Padded Archer Armor
27:30 Fletching
29:40 Chemistry
29:10 Leather Archer Armor
31:09 Ring Archer Armor
31:50 Ballistics
32:46 Two-Man Saw
32:18 Conscription
35:25 Siege Engineers
35:15 Murder Holes
36:09 Siege Engineers
36:00 Murder Holes
36:08 Town Watch
36:54 Houfnice
37:34 Bodkin Arrow
37:49 Forging
37:40 Scale Mail Armor
39:46 Husbandry
39:08 Light Cavalry
40:24 Iron Casting
40:04 Chain Mail Armor
39:51 Bracer
39:56 Scale Barding Armor
45:50 Pikeman
46:30 Squires
46:55 Halberdier
48:36 Blast Furnace
48:07 Plate Mail Armor
47:57 Chain Barding Armor
一把葱
11:13 Feudal Age
18:12 Castle Age
16:06 Double-Bit Axe
16:07 Horse Collar
19:57 Bow Saw
19:53 Loom
20:25 Heavy Plow
30:08 Imperial Age
29:59 Wheelbarrow
29:37 Scale Barding Armor
29:43 Forging
30:57 Chain Barding Armor
30:28 Cavalier
31:20 Bloodlines
31:12 Husbandry
31:33 Bloodlines
32:48 Plate Barding Armor
32:48 Iron Casting
32:18 Husbandry
33:51 Fletching
35:10 Chemistry
34:31 Ballistics
38:10 Two-Man Saw
37:59 Paladin
38:25 Light Cavalry
39:09 Bodkin Arrow
39:15 Padded Archer Armor
42:55 Winged Hussar
44:57 Scale Mail Armor
46:24 Crop Rotation
45:48 Gold Mining
46:18 Chain Mail Armor
46:15 Pikeman
46:56 Squires
46:43 Arson
47:31 Halberdier
49:00 Man-at-Arms
52:00 Bracer
52:16 Leather Archer Armor
Jegoroslaw
4:57 Loom
10:56 Feudal Age
15:09 Castle Age
13:16 Double-Bit Axe
14:14 Horse Collar
16:46 Fervor
19:18 Heavy Plow
19:40 Sanctity
21:02 Bow Saw
23:11 Wheelbarrow
23:57 Town Watch
26:36 Hand Cart
27:52 Town Patrol
30:29 Forging
30:19 Scale Mail Armor
30:09 Fletching
30:19 Padded Archer Armor
33:24 Imperial Age
31:31 Ballistics
30:52 Treadmill Crane
32:20 Chemistry
32:44 Iron Casting
32:24 Chain Mail Armor
32:23 Fortified Wall
32:09 Murder Holes
32:02 Pikeman
32:42 Squires
32:27 Arson
32:50 Bodkin Arrow
33:42 Halberdier
34:53 Conscription
37:24 Blast Furnace
36:54 Plate Mail Armor
36:25 Bracer
36:41 Leather Archer Armor
38:17 Wagenburg Tactics
45:41 Houfnice
46:17 Man-at-Arms
51:03 Long Swordsman
明晚
10:40 Feudal Age
14:19 Castle Age
12:32 Double-Bit Axe
12:29 Horse Collar
21:13 Wheelbarrow
22:36 Gold Mining
27:34 Imperial Age
24:52 Loom
25:58 Hand Cart
25:30 Town Watch
26:16 Bow Saw
26:17 Stone Mining
26:37 Heavy Plow
27:07 Ballistics
26:54 Fletching
27:04 Padded Archer Armor
27:58 Stone Shaft Mining
28:04 Gold Shaft Mining
27:44 Bodkin Arrow
28:41 Conscription
29:27 Chemistry
28:56 Bracer
29:29 Bloodlines
29:21 Husbandry
30:55 Leather Archer Armor
31:51 Scale Barding Armor
31:14 Elite Mangudai
31:56 Nomads
34:18 Caravan
36:51 Chain Barding Armor
38:31 Masonry
44:29 Hoardings
46:55 Forging
巨浪大切
1:03 Loom
11:10 Feudal Age
12:38 Double-Bit Axe
15:04 Castle Age
12:48 Horse Collar
16:11 Bow Saw
25:34 Wheelbarrow
27:00 Gold Mining
29:53 Imperial Age
27:43 Hand Cart
27:46 Murder Holes
27:58 Scale Barding Armor
28:03 Forging
28:08 Heavy Plow
29:49 Elite War Elephant
30:50 Conscription
30:56 Chain Barding Armor
30:47 Forging
31:45 Crop Rotation
31:34 Bloodlines
31:24 Husbandry
35:39 Plate Barding Armor
35:50 Devotion
37:36 Iron Casting
36:53 Fletching
37:47 Caravan
41:25 Hoardings
41:57 Blast Furnace
43:31 Light Cavalry
43:31 Cavalier
44:21 Hussar
45:22 Savar
49:51 Bodkin Arrow
53:53 Two-Man Saw
[AV]Mikami Yua
0:29 Loom
12:00 Feudal Age
15:09 Horse Collar
16:31 Double-Bit Axe
18:28 Fishing Lines
21:13 Castle Age
19:17 Fishing Lines
25:08 Gillnets
25:25 Heavy Plow
25:18 Gold Mining
25:18 Stone Mining
25:24 Stone Mining
26:25 Bow Saw
30:03 Stone Shaft Mining
31:22 Silk Road
33:37 Imperial Age
34:16 Caravan
34:48 Coinage
35:02 Wheelbarrow
34:12 Town Watch
35:07 Crop Rotation
35:39 Two-Man Saw
35:03 Conscription
34:04 Elite Genoese Crossbowman
34:55 Pirotechnia
34:40 Fletching
34:51 Padded Archer Armor
35:41 Pikeman
36:22 Squires
36:07 Arson
35:43 Man-at-Arms
36:57 Banking
36:38 Guilds
36:25 Bodkin Arrow
36:45 Leather Archer Armor
36:41 Forging
36:32 Scale Mail Armor
37:34 Bracer
37:57 Scale Barding Armor
39:10 Thumb Ring
38:51 Light Cavalry
39:41 Bloodlines
39:32 Husbandry
39:52 Hand Cart
39:37 Town Patrol
41:07 Ballistics
41:47 Chemistry
40:33 Arrowslits
40:29 Treadmill Crane
41:01 Fortified Wall
40:47 Murder Holes
41:02 Masonry
40:52 Hussar
40:56 Long Swordsman
42:12 Ring Archer Armor
42:17 Iron Casting
41:58 Chain Mail Armor
42:03 Chain Barding Armor
43:06 Crossbowman
43:08 Elite Skirmisher
43:10 Onager
43:11 Capped Ram
45:36 Cavalier
45:40 Two-Handed Swordsman
47:29 Blast Furnace
47:25 Architecture
48:06 Hoardings
50:47 Plate Mail Armor
52:59 Plate Barding Armor
52:18 Champion
靓仔
0:30 Loom
13:31 Feudal Age
14:07 Double-Bit Axe
23:52 Castle Age
32:43 Imperial Age
37:01 Wheelbarrow
36:12 Town Watch
36:10 Horse Collar
37:16 Fortified Wall
37:26 Ballistics
37:03 Murder Holes
38:37 Gold Mining
39:57 Hand Cart
39:54 Forging
39:50 Scale Barding Armor
39:46 Padded Archer Armor
43:59 Artillery
44:19 Conscription
44:39 Chain Barding Armor
44:55 Iron Casting
44:11 Fletching
46:15 Hoardings
46:03 Bloodlines
48:47 Sappers
50:23 Husbandry
53:00 Heavy Camel Rider
Connection lost

Rejoining the realm…

Still unreachable

The connection could not be restored.

Session expired

The server has moved on; the page needs a fresh start.